 Dungeon Crawl Stone Soup version 0.30.0-5-g1a98f26d00 (webtiles) character file.

Game seed: 5179971468176793135

28 Pimp the Shooter (level 3, 0/21 HPs)
             Began as a Deep Elf Hunter on May 12, 2023.
             Killed from afar by Robin (9 damage)
             ... with a puff of flame
             ... on level 2 of the Dungeon.
             The game lasted 00:01:20 (692 turns).

Pimp the Shooter (Deep Elf Hunter)                   Turns: 692, Time: 00:01:22

Health: 0/21       AC:  3    Str:  8    XL:     3   Next: 0%
Magic:  5/5        EV: 13    Int: 13    God:
Gold:   94         SH:  0    Dex: 20    Spells: 2/2 levels left

rFire   . . .        a - +0 shortbow
rCold   . . .        (shield currently unavailable)
rNeg    . . .        c - +0 leather armour
rPois   .            (no helmet)
rElec   .            (no cloak)
rCorr   .            (no gloves)
SInv    .            (no boots)
Will    .....        (no amulet)
Stlth   ++           (no ring)
HPRegen 0.23/turn    (no ring)
MPRegen 0.09/turn

%: no passive effects
@: no status effects
A: no striking features
a: no special abilities


You were on level 2 of the Dungeon.
You visited 1 branch of the dungeon, and saw 2 of its levels.

You collected 94 gold pieces.

Inventory:

Hand Weapons
 a - a +0 shortbow (weapon)
 e - a +0 short sword
Armour
 c - a +0 leather armour (worn)
Scrolls
 b - a scroll of immolation
Potions
 d - a potion of curing


   Skills:
 + Level 2.0 Fighting
 + Level 5.6 Ranged Weapons
 + Level 3.0 Dodging
 + Level 2.2 Stealth


You had 2 spell levels left.
You didn't know any spells.
Your spell library was empty.

Dungeon Overview and Level Annotations

Branches:
Dungeon (2/15)

Altars:

Annotations:
D:2 Robin


Message History

The goblin is moderately wounded.
The goblin no longer looks unusually strong.
The hobgoblin no longer looks unusually strong.
The goblin no longer looks unusually strong.
Robin throws the goblin at you!
A goblin comes into view. It is wielding a +0 dagger.
The goblin misses you. The goblin barely misses you. x2
The goblin hits you but does no damage.
You shoot an arrow. The arrow closely misses the goblin.
Robin hits you with a +0 club.
The goblin hits you with a +0 dagger. x2
Robin zaps a wand.
The puff of flame hits you.
You are too injured to fight recklessly!
You are too injured to fight recklessly!
Unknown command.
Really read the scroll of immolation?
Okay, then.
As you read the scroll labelled SISOHY SI PIOZ, it crumbles to dust.
The scroll dissolves into smoke.
It was a scroll of fog.
Robin barely misses you. The goblin barely misses you. x2
As you read the scroll labelled KIUN GUOHISS, it crumbles to dust.
You feel aware of your surroundings.
It was a scroll of magic mapping.
Robin zaps a wand.
The puff of flame misses you.
The puff of flame misses the goblin.
Robin barely misses you. The goblin closely misses you. x2
It was a potion of curing.
You feel better. Robin barely misses you. The goblin barely misses you.
The goblin hits you with a +0 dagger.
You shoot an arrow. The arrow hits the goblin.
The goblin is heavily wounded.
Robin hits you but does no damage. Robin closely misses you.
The goblin hits you with a +0 dagger. x2
You are too injured to fight recklessly!
You are too injured to fight recklessly!
You are too injured to fight recklessly!
You are too injured to fight recklessly!
Fire: a) +0 shortbow
Press: ? - help, Q - select action Shift-Dir - straight line, p - goblin You shoot an arrow.
The arrow closely misses the goblin.
You hear a shout!
Robin zaps a wand.
The puff of flame hits you!
You die...

,,,* *,***..,,,,,,,,,,**
**,,,* **,*
*,,,.S#*********,,***,,,,, *,*
#.**#.# **,,*,,,,,, *,* #.*
#.# ***,,,,,,, *,* #.* #g#
*,,,,,,, *,* ##.###g# *,,,,,,,
**,####...##)# *,*,,,,*
,,,........g.###### *,*,,,,*
****.##......)gg@g# *,*,,,,,
#.####.#######g#*******,*,**,*
#.....#....#
*ยงยง.,,,,,,*,,,,,*
######.###.# *####*****,*,****
#.# #.# #########*,*,* #.# #.#
#.......#*,*,* #.# #.#
#.#####.#*,*,* #.# #.###.###
*,**,*,* #.#
#.#.<...###.##.#,*


You could see Robin (fast), a hobgoblin and 2 goblins.

Vanquished Creatures
  2 endoplasms
  A giant cockroach (D:1)
  4 goblins
  4 hobgoblins (D:1)
  3 jackals (D:1)
  A quokka (D:1)
  4 ball pythons (D:1)
  A bat (D:1)
  A frilled lizard (D:1)
  2 kobolds (D:1)
  2 rats (D:1)
25 creatures vanquished.

Notes
Turn   | Place    | Note
-------+----------+-------------------------------------------
     0 | D:1      | Pimp the Deep Elf Hunter began the quest for the Orb.
     0 | D:1      | Reached XP level 1. HP: 12/12 MP: 3/3
   144 | D:1      | Reached XP level 2. HP: 16/17 MP: 4/4
   673 | D:2      | Noticed Robin
   684 | D:2      | Reached XP level 3. HP: 17/21 MP: 5/5
   692 | D:2      | Killed from afar by Robin

Illustrated notes

Levels and vault maps discovered:
D:1:      dpeg_arrival_tiny_k, layout_loops_ring
D:2:      layout_loops_ring, uniq_terence, uniq_robin

Skill      XL: |  1  2 |
---------------+-------+-----
Stealth        | 2 |  2.2
Fighting       | 2 |  2.0
Dodging        | 3 |  3.0
Ranged Weapons | |  5.6

Action                     || total
---------------------------++-------
   Fire: Shortbow          ||    65
    Use: Scroll            ||     2
         Potion            ||     1
 Armour: Leather armour    ||    17
  Dodge: Dodged            ||    33
